cohdb
Replays
Latest Replays
All Replays
Popular Replays
Top Player Replays
Match Explorer
How It Works
Community
CoH3 Stats
Reddit
Sign in to upload your games and track your stats! →
Sign in with Steam
Match 33122284
Unlisted
Match 33122284
Overview
Messages
Build Orders
End
Kettenkrad Recon Vehicle
Construct Infanterie Kompanie
Selects Italian Coastal Battlegroup
Selects Coastal Reserves
Grenadier Squad
MG 42 Machine Gun Team
Construct Panzergrenadier Kompanie
Panzergrenadier Squad
251 Medium Carrier
Pak 40 Anti-tank Gun Team
Support Elements
Nebelwerfer 42 Rocket Launcher Team
Selects Artillery Officer
MG 42 Bunker
Construct Luftwaffe Kompanie
Wirbelwind Flakpanzer
Wirbelwind Flakpanzer
Panzergrenadier Squad
Kettenkrad Recon Vehicle
Pioneer Squad
Selects Obice da 210/22 Artillery Emplacement
Kettenkrad Recon Vehicle
Kettenkrad Recon Vehicle
Selects Support Bunkers
Selects Designated Artillery Overwatch
Selects Bulwark
Medical Station
Construct Panzer Kompanie
MG 42 Bunker
Wirbelwind Flakpanzer
Kettenkrad Recon Vehicle
Wirbelwind Flakpanzer
Panzergrenadier Squad
Pioneer Squad
Coolbrou
lolo
dsmokey
WoW
SirBigBalls™
Bruistablet
ItsMeAgain
jarringmarigold
0
0
Comments
sign in to comment!
No comments posted yet!